 Dungeon Crawl Stone Soup version 0.29.1-4-g47bece8355 (webtiles) character file.

Game seed: 9723015070377598144

130 GorkyZ the Twirler (level 5, -2/32 HPs)
             Began as a Gargoyle Gladiator on Dec 6, 2022.
             Slain by a gnoll
             ... wielding a +0 spear
              (4 damage)
             ... on level 3 of the Dungeon on Dec 7, 2022.
             The game lasted 00:06:19 (2247 turns).

GorkyZ the Twirler (Gargoyle Gladiator)             Turns: 2247, Time: 00:06:20

Health: -2/32      AC: 12    Str: 20    XL:     5   Next: 14%
Magic:  5/5        EV: 10    Int:  8    God:
Gold:   64         SH:  0    Dex: 11    Spells: 4/4 levels left

rFire   . . .      SeeInvis .   a - +0 quarterstaff
rCold   . . .      Faith    .   (shield currently unavailable)
rNeg    + . .      Spirit   .   f - +1 scale mail
rPois   ∞          Reflect  .   c - +0 helmet
rElec   +          Harm     .   (no cloak)
rCorr   .          Rampage  .   (no gloves)
Will    .....                   (no boots)
Stlth   ..........              (no amulet)
HPRegen 0.10/turn               (no ring)
MPRegen 0.09/turn               (no ring)

@: no status effects
A: sickness immunity, AC +4, negative energy resistance 1, electricity
resistance, torment resistance 1, petrification resistance
a: no special abilities


You were on level 3 of the Dungeon.
You visited 1 branch of the dungeon, and saw 3 of its levels.

You collected 64 gold pieces.

Inventory:

Hand Weapons
 a - a +0 quarterstaff (weapon)
Missiles
 d - 5 throwing nets (quivered)
 e - a javelin
Armour
 b - a +0 leather armour
 c - a +0 helmet (worn)
 f - a +1 scale mail (worn)
Potions
 g - 3 potions of flight {unknown}
 i - a potion of heal wounds {unknown}
 j - a potion of curing {unknown}


   Skills:
 + Level 2.9 Fighting
 + Level 1.3 Axes
 + Level 3.4 Staves
 + Level 2.2 Throwing
 + Level 1.3 Armour
 + Level 2.7 Dodging
 + Level 1.4 Shields
 + Level 1.3 Evocations


You had 4 spell levels left.
You didn't know any spells.
Your spell library was empty.

Dungeon Overview and Level Annotations

Branches:
Dungeon (3/15)

Altars:


Innate Abilities, Weirdness & Mutations

You are immune to sickness and miasma.
Your stone body is resilient. (AC +4)
You are immune to poison.
You resist negative energy. (rN+)
You are resistant to electric shocks. (rElec)
You are resistant to unholy torment.
You are immune to petrification.


Message History

The gnoll hits you from afar with a +0 spear.
* * * LOW HITPOINT WARNING * * *
The gnoll hits you but does no damage. x2; The gnoll barely misses you.
You completely miss the gnoll.
The gnoll is heavily wounded.
The gnoll barely misses you.
The gnoll hits you but does no damage. x2
You barely miss the gnoll.
The gnoll is heavily wounded.
The gnoll barely misses you. The gnoll closely misses you.
The gnoll hits you but does no damage.
You hit the gnoll.
The gnoll is severely wounded.
The gnoll hits you but does no damage. x3
You sock the gnoll!
You kill the gnoll!
The gnoll hits you but does no damage. x2
You have reached level 5!
The gnoll hits you with a +0 spear.
* * * LOW HITPOINT WARNING * * *
The gnoll hits you but does no damage.
Things that are here:
a +0 club; a gnoll corpse You barely miss the gnoll.
The gnoll hits you but does no damage. The gnoll hits you with a +0 spear.
* * * LOW HITPOINT WARNING * * *
You hit the gnoll.
The gnoll is moderately wounded.
The gnoll hits you with a +0 spear.
* * * LOW HITPOINT WARNING * * *
The gnoll hits you with a +0 spear.
* * * LOW HITPOINT WARNING * * *
You sock the gnoll!
You kill the gnoll!
The gnoll hits you with a +0 spear.
* * * LOW HITPOINT WARNING * * *
The gnoll barely misses you.
You see here a +0 spear.
You barely miss the gnoll. The gnoll barely misses you.
The gnoll hits you with a +0 spear.
You die...

####### #.....#
#.....#
######.....#
#....#.....#
#....#.g...#
####....#)@...##
#>......')........
#.##....#..(......
#..########.##?...
##....# #.# ...
#####'#####.# ..
#.........#.# .
#.........#.#
#.........#.#


You could see a gnoll.

Vanquished Creatures
  3 gnolls (D:3)
  4 adders (D:2)
  A worm (D:2)
  2 dart slugs
  An orc (D:3)
  4 ball pythons
  5 endoplasms
  5 giant cockroaches
  4 goblins
  7 hobgoblins (D:1)
  4 jackals (D:1)
  3 kobolds (D:1)
  3 bats
  4 frilled lizards (D:2)
  6 rats
56 creatures vanquished.

Notes
Turn   | Place    | Note
-------+----------+-------------------------------------------
     0 | D:1      | GorkyZ the Gargoyle Gladiator began the quest for the Orb.
     0 | D:1      | Reached XP level 1. HP: 12/12 MP: 1/1
   201 | D:1      | Reached XP level 2. HP: 12/17 MP: 2/2
   600 | D:1      | Found a faded altar of an unknown god.
   656 | D:1      | Reached XP level 3. HP: 22/22 MP: 3/3
  1368 | D:2      | Reached skill level 1 in Shields
  1384 | D:2      | Reached skill level 1 in Evocations
  1398 | D:2      | Reached skill level 1 in Armour
  1398 | D:2      | Reached XP level 4. HP: 18/27 MP: 4/4
  1406 | D:2      | Reached skill level 1 in Axes
  2242 | D:3      | Reached XP level 5. HP: 10/32 MP: 5/5
  2247 | D:3      | Slain by a gnoll

Illustrated notes

Levels and vault maps discovered:
D:1:      dpeg_arrival_signposts, layout_basic, shapermc_ecumenical_altar_gd,
          minmay_misc_feat_doors, hangedman_decor_growths
D:2:      layout_loops_ring
D:3:      layout_basic, moated_statue, uniq_crazy_yiuf_cottage

Skill      XL: |  1  2  3  4 |
---------------+-------------+-----
Throwing       | 2 |  2.2
Shields        | 1 |  1.4
Evocations     | 1 |  1.3
Armour         | 1 |  1.3
Axes           | 1 |  1.3
Fighting       | |  2.9
Staves         | |  3.4
Dodging        | |  2.7

Action                   |  1- 3 |  4- 6 || total
-------------------------+-------+-------++-------
Melee: Quarterstaff      |   107 |    71 ||   178
  Use: Scroll            |       |     5 ||     5
Armor: Leather armour    |     8 |       ||     8
       Scale mail        |    78 |    51 ||   129
Dodge: Dodged            |   104 |    38 ||   142
